AoeStats
← [PLGRS]socrates'11

Nomad

509518481Analyzed
4v4 RM · 7d ago on Sep 27, 2026· 49m 22s· 8 players
Game mode
Random Map
Map size
231×231
Population
200
Speed
Normal
Resources
Standard
Victory
Conquest
Starting age
Dark Age
Ending age
Imperial Age
RankedLock teamsTeams togetherTeam positionsShared explorationLock speedFull tech treeHidden civsTurbo modeCheats
Victory
Defeat
962
+11
🇺🇸 Huns · United States
956
+12
🇺🇸 Japanese · United States
949
+12
🇺🇸 Varangians · United States
925
+13
🇺🇸 Teutons · United States
902
-13
🇺🇸 Ethiopians · United States
872
-13
🇺🇸 Varangians · United States
871
-12
🇺🇸 Japanese · United States
797
-10
tequilamockingbird
6:47 Loom
13:55 Feudal Age
21:21 Castle Age
19:50 Scale Barding Armor
20:20 Forging
21:06 Fletching
23:12 Double-Bit Axe
23:10 Horse Collar
28:41 Heavy Plow
29:47 Husbandry
31:39 Wheelbarrow
31:33 Marauders
32:12 Iron Casting
34:06 Hand Cart
34:35 Chain Barding Armor
34:29 Bow Saw
36:58 Bloodlines
42:38 Imperial Age
40:23 Town Watch
44:14 Plate Barding Armor
44:39 Blast Furnace
44:03 Conscription
43:04 Elite Tarkan
45:00 Bodkin Arrow
46:16 Two-Man Saw
shifty3737
6:50 Loom
14:10 Feudal Age
19:04 Castle Age
17:53 Stone Mining
19:56 Double-Bit Axe
19:54 Horse Collar
21:48 Forging
21:38 Scale Mail Armor
22:12 Squires
21:58 Arson
24:13 Iron Casting
23:54 Gold Mining
25:09 Chain Mail Armor
45:25 Wheelbarrow
44:36 Town Watch
48:24 Fishing Lines
瘦死的骆驼比马大
9:22 Loom
17:22 Feudal Age
21:19 Castle Age
25:49 Horse Collar
26:33 Double-Bit Axe
28:46 Stone Mining
28:47 Gold Mining
30:40 Wheelbarrow
36:12 Imperial Age
34:22 Heavy Plow
35:32 Gold Shaft Mining
35:33 Stone Shaft Mining
37:22 Bow Saw
37:12 Cavalier
37:52 Husbandry
38:03 Bloodlines
38:00 Scale Barding Armor
39:49 Two-Man Saw
39:51 Savar
42:22 Crop Rotation
42:31 Chain Barding Armor
44:16 Plate Barding Armor
43:52 Forging
44:14 Conscription
48:33 Iron Casting
48:39 Hand Cart
50:17 Blast Furnace
st_augustine
5:10 Loom
14:25 Feudal Age
20:03 Castle Age
18:07 Double-Bit Axe
18:05 Horse Collar
19:12 Gold Mining
19:13 Stone Mining
23:54 Heavy Plow
24:06 Bow Saw
27:39 Wheelbarrow
26:54 Town Watch
30:36 Imperial Age
29:14 Hand Cart
31:28 Cavalier
32:55 Scale Barding Armor
33:01 Forging
35:52 Husbandry
36:02 Bloodlines
35:59 Fletching
35:59 Elite Skirmisher
37:34 Chain Barding Armor
38:21 Pikeman
40:57 Two-Man Saw
42:21 Conscription
43:26 Iron Casting
44:18 Crop Rotation
43:36 Vendel Legacy
49:18 Blast Furnace
[PLGRS]socrates'11
11:21 Loom
15:05 Feudal Age
15:35 Double-Bit Axe
16:00 Town Watch
16:33 Fishing Lines
17:36 Horse Collar
22:41 Castle Age
22:25 Forging
23:49 Bow Saw
26:43 Wheelbarrow
27:34 Gold Mining
30:18 Fletching
37:02 Iron Casting
37:04 Stone Mining
38:34 Heavy Plow
39:15 Scale Barding Armor
40:10 Stone Shaft Mining
40:35 Bloodlines
42:58 Imperial Age
40:45 Hand Cart
41:59 Pikeman
45:43 Two-Man Saw
45:10 Cavalier
[PLGRS]SahaFresh
3:42 Loom
16:58 Feudal Age
17:26 Horse Collar
24:55 Castle Age
23:26 Fletching
23:36 Padded Archer Armor
25:34 Double-Bit Axe
26:01 Heavy Plow
26:00 Crossbowman
29:30 Bow Saw
29:53 Thumb Ring
37:13 Imperial Age
36:00 Wheelbarrow
35:29 Bodkin Arrow
35:50 Leather Archer Armor
36:49 Ballistics
36:25 Murder Holes
37:23 Arbalester
39:00 Conscription
40:02 Chemistry
39:36 Ring Archer Armor
39:07 Bracer
39:27 Hand Cart
43:02 Two-Man Saw
42:56 Scale Barding Armor
42:18 Light Cavalry
42:58 Husbandry
43:34 Gold Mining
43:34 Stone Mining
43:09 Hussar
46:02 Heavy Camel Rider
49:43 Chain Barding Armor
[PLGRS]YaMmEr'23
9:50 Loom
18:48 Feudal Age
20:03 Double-Bit Axe
26:05 Castle Age
25:01 Fletching
25:11 Padded Archer Armor
29:01 Bodkin Arrow
29:21 Leather Archer Armor
30:15 Elite Skirmisher
31:13 Stone Mining
31:57 Bow Saw
33:49 Wheelbarrow
36:17 Hand Cart
39:36 Imperial Age
38:19 Pikeman
38:59 Squires
40:17 Gold Mining
42:23 Ballistics
43:04 Chemistry
42:03 Halberdier
45:23 Ring Archer Armor
44:54 Bracer
44:56 Scale Mail Armor
45:06 Forging
47:45 Conscription
48:02 Hoardings
[PLGRS]MrMeseeks
6:06 Loom
17:01 Feudal Age
15:19 Loom
22:04 Castle Age
23:21 Horse Collar
27:39 Scale Barding Armor
27:45 Forging
27:36 Fletching
41:41 Imperial Age
45:25 Pikeman
46:05 Squires
Connection lost

Rejoining the realm…

Still unreachable

The connection could not be restored.

Session expired

The server has moved on; the page needs a fresh start.